 Dungeon Crawl Stone Soup version 0.26-a0-546-g3c2127501a (webtiles) character file.

Game seed: 8390349056972483295

160 ANON1729 the Insei (level 5, 0/38 HPs)
             Began as a Demonspawn Transmuter on Aug 19, 2020.
             Succumbed to an orc wizard's poison
             ... on level 4 of the Dungeon.
             The game lasted 00:09:20 (3735 turns).

ANON1729 the Insei (Demonspawn Transmuter)          Turns: 3735, Time: 00:09:20

Health: 0/38       AC:  7    Str: 11    XL:     5   Next: 17%
Magic:  5/9        EV: 12    Int: 15    God:
Gold:   113        SH:  0    Dex: 15    Spells: 3/9 levels left

rFire    . . .     SeeInvis .     - Unarmed
rCold    + . .     Faith    .   (no shield)
rNeg     . . .     Spirit   +   i - +3 leather armour {rC+}
rPois    .         Reflect  +   h - +0 helmet
rElec    .         Harm     .   (no cloak)
rCorr    .                      (no gloves)
MR       .....                  (no boots)
Stlth    +.........             e - amulet of reflection
HPRegen  0.12/turn              (no ring)
MPRegen  0.22/turn              (no ring)

@: confused, lethally poisoned (0 -> -8)
A: hooves 1, thin skeletal structure 1, magic shield, magic regeneration
a: no special abilities


You were on level 4 of the Dungeon.
You visited 1 branch of the dungeon, and saw 4 of its levels.

You collected 113 gold pieces.

Inventory:

Armour
 h - a +0 helmet (worn)
 i - a +3 leather armour of cold resistance (worn)
Jewellery
 e - an amulet of reflection (around neck)
Wands
 j - a wand of enslavement (5)
Scrolls
 a - a scroll of amnesia {unknown}
 b - a scroll of magic mapping {unknown}
 c - a scroll of identify
 f - a scroll of fog {unknown}
 g - 2 scrolls of remove curse


   Skills:
 + Level 2.1 Fighting
 + Level 0.4 Armour
 + Level 2.4 Dodging
 + Level 3.2 Unarmed Combat
 + Level 2.6 Spellcasting
 * Level 3.1 Transmutations


You had 3 spell levels left.
You knew the following spells:

 Your Spells              Type           Power        Failure   Level
a - Beastly Appendage     Tmut           ##....       8%          1
b - Wereblood             Tmut           ##......     12%         2
c - Spider Form           Tmut/Pois      #.........   41%         3

Your spell library contained the following spells:

 Spells                   Type           Power        Failure   Level
 Ice Form                 Ice/Tmut       #.......     82%         4
 Blade Hands              Tmut           ##........   91%         5


Dungeon Overview and Level Annotations

Branches:
Dungeon (4/15)
 Temple: D:4-7

Altars:

Annotations:
D:3 Grinder, Menkaure


Innate Abilities, Weirdness & Mutations

You have large cloven feet.
You have a somewhat thin skeletal structure. (Dex +2, Stealth)
When hurt, damage is shared between your health and your magic reserves.
You regenerate magic rapidly.


Message History

Your horns disappear.
Your +0 helmet unmelds from your body.
* * * LOW HITPOINT WARNING * * *
You feel sick.
Evoke which item? (* to show all) (? for menu, Esc to quit)
Press: ? - help, Shift-Dir - straight line Nothing appears to happen.
* * * LOW HITPOINT WARNING * * *
You feel sick.
You hear some strange, mumbled words.
You are confused.
You aren't carrying any potions.
Evoke which item? (* to show all) (? for menu, Esc to quit)
You're too confused!
You bump into the rock wall.
You hit something but do no damage.
You bump into the rock wall.
Something hits you but does no damage.
You are more poisoned.
You bump into the rock wall.
You die...

#.
##.#################
............>......
. ##..##.###.######
.## #....†..o.#.###
...##...#.###{#...#
........#.# #.#<#.#
.#......#o# #.###.#
........#.# #.o{@.#
#.##..)##.# #######
# #[.....# #...####
........ ##..##..#
.... ...# ###. #.##
#. ...


You could see an orc.

Vanquished Creatures
  Ijyb (D:2)
  A worker ant (D:4)
  A hound skeleton (D:4)
  Robin (D:2)
  An adder (D:2)
  A white imp (D:2)
  An adder skeleton (D:4)
  3 worms
  A dart slug (D:2)
  An orc (D:4)
  2 giant cockroaches (D:2)
  12 goblins
  7 hobgoblins
  2 quokkas (D:2)
  A ball python (D:2)
  7 bats
  5 frilled lizards
  6 kobolds
  6 rats
60 creatures vanquished.

Vanquished Creatures (collateral kills)
  A hobgoblin (D:3)
1 creature vanquished.

Grand Total: 61 creatures vanquished

Notes
Turn   | Place    | Note
-------+----------+-------------------------------------------
     0 | D:1      | ANON1729 the Demonspawn Transmuter began the quest for the
                  | Orb.
     0 | D:1      | Reached XP level 1. HP: 15/15 MP: 3/3
   693 | D:1      | Gained mutation: When hurt, damage is shared between your
                  | health and your magic reserves. [demonic ancestry]
   693 | D:1      | Reached XP level 2. HP: 14/21 MP: 3/5
  1290 | D:2      | Gained mutation: You regenerate magic rapidly. [demonic
                  | ancestry]
  1290 | D:2      | Reached XP level 3. HP: 19/26 MP: 3/6
  1934 | D:3      | Noticed Robin
  1967 | D:3      | Noticed Ijyb
  2532 | D:2      | Learned a level 2 spell: Wereblood
  2536 | D:2      | Learned a level 3 spell: Spider Form
  2537 | D:3      | Paralysed by Ijyb for 5 turns
  2556 | D:2      | Killed Robin
  2556 | D:2      | Lost mutation: You have razor-sharp toenails. [demonic
                  | ancestry]
  2556 | D:2      | Lost mutation: You have sharp toenails. [demonic ancestry]
  2556 | D:2      | Gained mutation: You have large cloven feet. [demonic
                  | ancestry]
  2556 | D:2      | Reached XP level 4. HP: 9/33 MP: 3/7
  2785 | D:2      | Paralysed by Ijyb for 6 turns
  2818 | D:2      | Killed Ijyb
  3286 | D:3      | Noticed Grinder
  3338 | D:3      | Paralysed by Grinder for 2 turns
  3345 | D:4      | Noticed Menkaure
  3636 | D:4      | Gained mutation: You have a somewhat thin skeletal
                  | structure. (Dex +2, Stealth) [demonic ancestry]
  3636 | D:4      | Reached XP level 5. HP: 36/38 MP: 6/8
  3728 | D:4      | HP: 1/38 [poisoned by an orc wizard]
  3735 | D:4      | Succumbed to an orc wizard's poison

Illustrated notes

Levels and vault maps discovered:
D:1:      scummos_arrival_checkerplants, layout_loops_corners,
          minmay_misc_feat_pillars, minmay_split_cup_small
D:2:      layout_basic, st_stairs_9, kennysheep_generic_room_15
D:3:      layout_rooms, tgw_sif, uniq_natasha, uniq_robin, uniq_ijyb,
          uniq_grinder, uniq_crazy_yiuf_cottage
D:4:      layout_basic, uniq_menkaure

Skill      XL: |  1  2  3  4 |
---------------+-------------+-----
Dodging        | 2 |  2.4
Transmutations | 2 3 |  3.1
Unarmed Combat | 3 |  3.2
Fighting       | 2 |  2.1
Armour         | |  0.4
Spellcasting   | |  2.6

Action                   |  1- 3 |  4- 6 || total
-------------------------+-------+-------++-------
Melee: Unarmed           |   160 |   118 ||   278
       Kick              |     8 |    28 ||    36
       Headbutt          |    11 |    14 ||    25
       Punch             |     1 |       ||     1
 Cast: Beastly Appendage |    15 |     6 ||    21
       Spider Form       |       |     1 ||     1
Evoke: Wand              |       |     3 ||     3
  Use: Potion            |       |     2 ||     2
       Scroll            |       |     1 ||     1
 Stab: Sleeping          |     1 |       ||     1
       Paralysed         |       |     2 ||     2
Armor: Robe              |    25 |     3 ||    28
       Leather armour    |       |    32 ||    32
Dodge: Dodged            |   101 |    56 ||   157
Block: Other             |    35 |    17 ||    52

Table legend: (Time is in decaauts)
 A = Elapsed time spent in this place.
 B = Non-inter-level travel time spent in this place.
 C = Inter-level travel time spent in this place.
 D = Time resting spent in this place.
 E = Time spent auto-exploring this place.
 F = Levels seen in this place.
 G = Mean time per level.
                   A        B        C        D        E       F      G
               +--------+--------+--------+--------+--------+-----+--------+
         Total |   3728 |   3672 |     56 |   1908 |   1121 |   4 |  932.0 |
       Dungeon |   3728 |   3672 |     56 |   1908 |   1121 |   4 |  932.0 |
               +--------+--------+--------+--------+--------+-----+--------+

Top non-repeatable levels by time:
     D:2: 1632 daAuts
     D:1: 1515 daAuts
     D:4: 385 daAuts
     D:3: 195 daAuts
